 Dungeon Crawl Stone Soup version 0.19.0-11-g3fc08b3 (webtiles) character file.

569 Krapule the Sneak (level 7, -8/45 HPs)
             Began as an Octopode Enchanter on Nov 8, 2016.
             Mangled by an orc warrior (11 damage)
             ... on level 4 of the Dungeon.
             The game lasted 00:23:26 (4810 turns).

Krapule the Sneak (Octopode Enchanter)              Turns: 4810, Time: 00:23:26

Health: -8/45      AC:  1    Str:  7    XL:     7   Next: 33%
Magic:  1/13       EV: 15    Int: 18    God:
Gold:   144        SH:  0    Dex: 18    Spells: 3 memorised, 7 levels left

rFire  . . .     SeeInvis .     p - +0 short sword (elec)
rCold  . . .     Gourm    .     (no shield)
rNeg   . . .     Faith    .     (helmet restricted)
rPois  .         Spirit   .     (no amulet)
rElec  .         Reflect  .     f - +4 ring of dexterity
rCorr  .         Harm     .     q - ring of stealth
MR     .....                    (no ring)
Stlth  +++++.....               (no ring)
                                (no ring)
                                (no ring)
                                (no ring)
                                (no ring)

@: no status effects
A: almost no armour, stealthy swim, amphibious, 8 rings, constrict 8, camouflage
1, gelatinous body 1
a: no special abilities


You were on level 4 of the Dungeon.
You were very hungry.

You visited 1 branch of the dungeon, and saw 5 of its levels.
You also visited: Sewer.

You collected 144 gold pieces.

Inventory:

Hand Weapons
 a - a +1 dagger
 p - a +0 short sword of electrocution (weapon)
Jewellery
 f - a +4 ring of dexterity (left tentacle)
 q - a ring of stealth (right tentacle)
Scrolls
 e - 3 scrolls of fog {unknown}
 i - 2 scrolls of recharging {unknown}
 m - a scroll of enchant armour
 r - a scroll of teleportation {unknown}
 s - a scroll of remove curse
 w - a scroll of enchant weapon {unknown}
Potions
 d - 2 potions of lignification
 g - 3 potions of agility {unknown}
 h - 4 potions of brilliance
 j - 5 potions of heal wounds {unknown}
 k - 3 potions of haste
 l - a potion of might {unknown}
 n - 5 potions of curing {unknown}
 o - a potion of flight {unknown}
Books
 b - a book of Maledictions

   Spells                             Type                      Level
   a - Corona                         Hexes                        1
   b - Ensorcelled Hibernation        Hexes/Ice                    2
   c - Confuse                        Hexes                        3
   d - Tukima's Dance                 Hexes                        3
   e - Dazzling Spray                 Conjuration/Hexes            3
Comestibles
 c - 3 bread rations
 t - 2 meat rations
 u - 2 chunks of flesh
 v - a beef jerky


   Skills:
 - Level 2.0 Fighting
 + Level 2.9 Short Blades
 + Level 3.6 Dodging
 + Level 6.1 Stealth
 + Level 4.0 Spellcasting
 + Level 4.1 Hexes


You had 7 spell levels left.
You knew the following spells:

 Your Spells              Type           Power        Failure   Level  Hunger
a - Corona                Hex            ###....      2%          1    None
e - Tukima's Dance        Hex            ###.....     10%         3    ###....
z - Confuse               Hex            ###.....     10%         3    ###....


Dungeon Overview and Level Annotations

Branches:
Dungeon (5/15)
 Temple: D:4-7

Altars:
Gozag

Annotations:
D:3 confidenceinterval's ghost, amateur HOFi
D:5 Edmund


Innate Abilities, Weirdness & Mutations

You cannot wear most types of armour.
You are very stealthy in the water. (Stealth+)
You are amphibious.
You can wear up to eight rings at the same time.
You can use your tentacles to constrict eight enemies at once.
Your skin changes colour to match your surroundings (Stealth+).
Your rubbery body absorbs attacks. (AC +1, EV +1)


Message History

You hit the orc warrior. You squeeze the orc warrior.
The orc warrior is severely wounded.
You constrict the orc warrior.
You hit the orc warrior but do no damage.
The orc warrior is severely wounded.
You constrict the orc warrior. The orc warrior hits you!!
You barely miss the orc warrior.
You squeeze the orc warrior, but do no damage.
The orc warrior is severely wounded.
You constrict the orc warrior, but do no damage.
The orc warrior hits you!
You barely miss the orc warrior.
The orc warrior is severely wounded.
You constrict the orc warrior, but do no damage.
The orc warrior hits you!
* * * LOW HITPOINT WARNING * * *
You release your grip on the orc warrior.
You are feeling very hungry.
The orc warrior hits you!
You die...

########
#......# ###
#.####o#
##.####.# #o#
#..o....#
#@########
##.######
#..>.....#
##.##
########.#
#...# #.o.#
####### #...#
#.....#
##.####.....#
#.##.......#
#.##.#>....#


You could see an orc warrior and an orc.

Vanquished Creatures
  A hound (D:4)
  3 orc wizards (D:3)
  2 worker ants
  A killer bee zombie (D:5)
  9 adders
  9 river rats (Sewer)
  An ooze (D:3)
  An adder skeleton (D:4)
  3 worms
  2 dart slugs
  3 leopard geckos
  13 orcs
  6 ball pythons
  8 giant cockroaches
  5 goblins
  13 hobgoblins
  12 jackals
  10 bats
  2 frilled lizards (Sewer)
  25 kobolds
  19 rats
148 creatures vanquished.

Vanquished Creatures (collateral kills)
  An ogre (D:5)
  An orc (D:3)
2 creatures vanquished.

Vanquished Creatures (others)
  2 dancing weapons
2 creatures vanquished.

Grand Total: 152 creatures vanquished

Notes
Turn   | Place    | Note
-------+----------+-------------------------------------------
     0 | D:1      | Krapule the Octopode Enchanter began the quest for the Orb.
     0 | D:1      | Reached XP level 1. HP: 11/11 MP: 3/3
   378 | D:1      | Reached XP level 2. HP: 17/17 MP: 5/5
   768 | D:1      | Reached XP level 3. HP: 22/22 MP: 6/6
  1280 | D:2      | Learned a level 3 spell: Confuse
  1492 | D:2      | Reached XP level 4. HP: 27/27 MP: 8/8
  1522 | D:2      | Reached skill level 1 in Fighting
  1572 | D:2      | Found a faded altar of an unknown god.
  1945 | D:2      | Learned a level 3 spell: Tukima's Dance
  2040 | D:3      | Reached XP level 5. HP: 33/33 MP: 2/9
  2106 | D:3      | Found a glowing drain.
  2128 | Sewer    | Entered a sewer
  2612 | Sewer    | Reached skill level 5 in Stealth
  3004 | Sewer    | Reached XP level 6. HP: 30/38 MP: 7/11
  3520 | D:3      | Found an opulent altar of Gozag.
  3553 | D:3      | Noticed confidenceinterval's ghost (amateur HOFi)
  4384 | D:5      | Entered Level 5 of the Dungeon
  4389 | D:5      | Reached XP level 7. HP: 45/45 MP: 12/12
  4445 | D:5      | Reached skill level 6 in Stealth
  4622 | D:5      | Noticed Edmund
  4807 | D:4      | HP: 2/45 [orc warrior (13)]
  4810 | D:4      | Mangled by an orc warrior

Skill      XL: |  1  2  3  4  5  6  7 |
---------------+----------------------+-----
Fighting       | 1 2 |  2.0
Short Blades   | 2 |  2.9
Spellcasting   | 3 4 |  4.0
Stealth        | 5 6 |  6.1
Dodging        | 3 |  3.6
Hexes          | 4 |  4.1

Action                   |  1- 3 |  4- 6 |  7- 9 || total
-------------------------+-------+-------+-------++-------
Melee: Dagger            |    78 |   182 |       ||   260
       Constrict         |    23 |    70 |     5 ||    98
       Tentacles         |    15 |    56 |     5 ||    76
       Short sword       |       |    53 |    22 ||    75
 Cast: Corona            |     1 |       |       ||     1
       Confuse           |       |     7 |     3 ||    10
       Tukima's Dance    |       |     4 |     4 ||     8
  Use: Scroll            |       |     8 |       ||     8
 Stab: Sleeping          |     9 |    24 |     2 ||    35
  Eat: Chunk             |     2 |    10 |     1 ||    13
Armor: Skin              |     1 |    19 |     1 ||    21
Dodge: Dodged            |    38 |   158 |    10 ||   206
